 Dungeon Crawl Stone Soup version 0.30.0-10-gfe55d96785 (webtiles) character file.

Game seed: 4885396858698896302

1479 qw the Chopper (level 8, -3/49 HPs)
             Began as a Gargoyle Cinder Acolyte on May 17, 2023.
             Was a Priest of Ignis.
             Slain by Maggie
             ... wielding a +0 broad axe of draining
              (9 damage)
             ... on level 6 of the Dungeon.
             The game lasted 00:02:12 (4695 turns).

qw the Chopper (Gargoyle Cinder Acolyte)            Turns: 4695, Time: 00:02:13

Health: -3/49      AC: 26    Str: 20    XL:     8   Next: 79%
Magic:  8/8        EV:  8    Int: 15    God:    Ignis [***...]
Gold:   87         SH:  0    Dex:  5    Spells: 9/9 levels left

rFire   + . .        d - +1 war axe (spect)
rCold   . . .        (no shield)
rNeg    + + .        e - +0 chain mail
rPois   inf          (helmet restricted)
rElec   +            k - +2 cloak
rCorr   .            (no gloves)
SInv    .            (no boots)
Will    .....        (no amulet) Stlth
                     c - ring of positive energy
HPRegen 0.28/turn    (no ring)
MPRegen 0.11/turn

%: no passive effects
@: fiery-armoured, mesmerised
A: sickness immunity, AC +5, negative energy resistance 1, electricity
resistance, torment resistance 1, petrification resistance, horns 1, low MP 1
a: Renounce Religion, Fiery Armour, Foxfire Swarm, Rising Flame


You were on level 6 of the Dungeon.
You worshipped Ignis.
Ignis was most pleased with you.
You visited 1 branch of the dungeon, and saw 6 of its levels.

You collected 327 gold pieces.
You spent 240 gold pieces at shops.


Innate Abilities, Weirdness & Mutations

You are immune to sickness and miasma.
Your stone body is resilient. (AC +5)
You are immune to poison.
You resist negative energy. (rN+)
You are resistant to electric shocks. (rElec)
You are resistant to unholy torment.
You are immune to petrification.
You have a pair of small horns on your head.
Your magical capacity is low. (-10% MP)


   Skills:
 - Level 5.2 Fighting
 + Level 7.8 Axes
 - Level 6.3 Armour
 - Level 1.0 Spellcasting
 - Level 3.0 Fire Magic


You had 9 spell levels left.
You didn't know any spells.
Your spell library contained the following spells:

 Spells                   Type           Power      Damage    Failure   Level
 Scorch                   Fire           18%        2d6       56%         2

Inventory:

Hand Weapons
 d - a +1 spectral war axe (weapon)
 g - a +0 flail
Armour
 e - a +0 chain mail (worn)
 k - a +2 cloak (worn)
Jewellery
 c - a ring of positive energy (left hand)
Scrolls
 b - a scroll of identify
Potions
 a - 2 potions of curing
 f - a potion of might
 i - a potion of heal wounds {unknown}
 l - 2 potions of mutation

Dungeon Overview and Level Annotations

Branches:
Dungeon (6/15)
 Temple: D:4-7

Altars:
Wu Jian

Shops:
D:5 =

Annotations:
D:2 1 runed translucent door, Crazy Yiuf
D:6 3 runed translucent doors, Blork the orc; Maggie; qw's ghost, novice GrCA


Message History

The black bear is burned by your cloak of flames.
The black bear is moderately wounded.
The black bear claws you but does no damage.
The black bear is burned by your cloak of flames.
The black bear is heavily wounded.
The black bear closely misses you.
You hit the black bear.
The black bear is severely wounded.
Your +1 spectral war axe hits the black bear!
You kill the black bear!
You slash Maggie!
Maggie is moderately wounded.
Your +1 spectral war axe barely misses Maggie.
Maggie casts a spell.
Maggie attempts to bespell you!
You are mesmerised by Maggie!
Maggie hits you with a +0 broad axe of draining!
Maggie is burned by your cloak of flames.
Maggie is moderately wounded.
Maggie hits your +1 spectral war axe with a +0 broad axe of draining.
Your spectral weapon shares its damage with you!
You hit Maggie. Your headbutt misses Maggie.
Maggie is moderately wounded.
Your +1 spectral war axe barely misses Maggie.
Blork the orc mumbles some strange words.
Blork the orc seems to speed up.
Maggie mumbles some strange words.
Maggie draws you further into her thrall.
Blork the orc casts a cantrip, but nothing happens.
You barely miss Maggie.
Maggie is moderately wounded.
Your +1 spectral war axe hits Maggie.
Maggie hits you but does no damage.
Maggie is burned by your cloak of flames.
Maggie is moderately wounded.
Maggie barely misses your +1 spectral war axe.
You closely miss Maggie.
Maggie is moderately wounded.
Your +1 spectral war axe barely misses Maggie.
Maggie hits you with a +0 broad axe of draining!
You die...

[_[)...8# ........# ...
## .# .8..#8#.# #.. )#..
oooo###.### #..###.
####.o..#.# #.....
...oooWo#.# ..o.
+++######.### ..#
........8...# ##@##
..[......##.# ##@(.##
#........##.###.....##
#######.###.##)......#
######...##.#.........#
............'.........+
######...##.#...........
#.......##.......#..#
#.#########.....##..# #
##...##


You could see Maggie (mesmerising, ally target), Blork the orc (fast) and a
friendly +1 spectral war axe.

Vanquished Creatures
  Pikel (D:5)
  Eustachio (D:6)
  2 orc warriors (D:6)
  2 black bears
  3 lemures (D:5)
  A gnoll sergeant (D:6)
  A jelly (D:5)
  A gnoll bouda (D:4)
  An orc priest (D:3)
  An iguana (D:4)
  2 sleepcaps
  An orc wizard (D:3)
  Robin (D:4)
  6 gnolls (D:4)
  7 adders
  A white imp (D:5)
  2 ufetubi (D:5)
  A dart slug (D:4)
  A worm (D:4)
  16 orcs
  7 ball pythons
  3 endoplasms
  9 giant cockroaches
  18 goblins
  15 hobgoblins
  15 jackals
  8 kobolds
  2 quokkas
  2 bats
  A frilled lizard (D:2)
  9 rats
141 creatures vanquished.

Vanquished Creatures (others)
  A gnoll zombie (D:4)
  A goblin zombie (D:4)
  A jackal zombie (D:4)
3 creatures vanquished.

Grand Total: 144 creatures vanquished

Notes
Turn   | Place    | Note
-------+----------+-------------------------------------------
     0 | D:1      | qw the Gargoyle Cinder Acolyte began the quest for the Orb.
     0 | D:1      | Reached XP level 1. HP: 14/14 MP: 2/2
     0 | D:1      | 0 ||| qw: Version: 0.2-a-95-g206ef33
     0 | D:1      | 0 ||| qw: Game counter: 187
     0 | D:1      | 0 ||| qw: Always use a shield: true
     0 | D:1      | 0 ||| qw: God list: Okawaru
     0 | D:1      | 0 ||| qw: Allow faded altars: false
     0 | D:1      | 0 ||| qw: Do Orc after D:15 true
     0 | D:1      | 0 ||| qw: Do second Lair branch before Depths: true
     0 | D:1      | 0 ||| qw: Lair rune preference: random
     0 | D:1      | 0 ||| qw: Plans: Normal
     0 | D:1      | 0 ||| PLANNING D:1-11
   126 | D:1      | Reached skill level 3 in Axes
   129 | D:1      | 129 ||| Stepping ~*~*~tactically~*~*~ (hiding).
   138 | D:1      | Reached XP level 2. HP: 19/19 MP: 3/3
   739 | D:1      | 739 ||| UPGRADING to +1 hat.
   744 | D:1      | 744 ||| UPGRADING to +0 ring mail.
   754 | D:1      | 754 ||| DROPPING +0 robe.
   755 | D:1      | 755 ||| READING scroll labelled IBUHEDGHAUL.
   787 | D:2      | 787 ||| Stepping ~*~*~tactically~*~*~ (stealth).
   793 | D:2      | Reached XP level 3. HP: 18/23 MP: 4/4
   816 | D:2      | Reached skill level 4 in Axes
   858 | D:2      | 858 ||| INVOKING Fiery Armour.
   859 | D:2      | Reached skill level 1 in Armour
   860 | D:2      | Reached XP level 4. HP: 12/28 MP: 5/5
   901 | D:2      | 901 ||| Stepping ~*~*~tactically~*~*~ (stealth).
   941 | D:2      | 941 ||| SWAPPING to +0 war axe.
   953 | D:2      | 953 ||| DROPPING -1 spectral hand axe.
  1044 | D:2      | Found an ornate altar of the Wu Jian Council.
  1108 | D:2      | Found a runed translucent door.
  1109 | D:2      | Noticed Crazy Yiuf
  1243 | D:2      | Identified the +9 dagger of Kiaps {venom, Will+ Int+2}
  1336 | D:2      | Found a faded altar of an unknown god.
  1403 | D:2      | 1403 ||| Stepping ~*~*~tactically~*~*~ (hiding).
  1673 | D:2      | 1673 ||| READING 2 scrolls labelled MUOS QINOR QOU.
  1674 | D:2      | 1674 ||| READING scroll labelled ARULAE MIVVO.
  1675 | D:2      | 1675 ||| READING scroll labelled ZINKOF SUEJEIS.
  1817 | D:3      | HP: 3/28 [orc priest/divine providence (10)]
  1818 | D:3      | 1818 ||| INVOKING Fiery Armour.
  1822 | D:3      | Reached XP level 5. HP: 4/32 MP: 6/6
  1861 | D:3      | Reached skill level 5 in Axes
  1931 | D:3      | 1931 ||| DROPPING +0 whip.
  1995 | D:3      | 1995 ||| READING scroll of brand weapon.
  1995 | D:3      | 1995 ||| BRANDING +0 war axe.
  2266 | D:3      | 2266 ||| Stepping ~*~*~tactically~*~*~ (stealth).
  2427 | D:3      | 2427 ||| UPGRADING to +0 chain mail.
  2437 | D:3      | 2437 ||| DROPPING +0 ring mail.
  2438 | D:3      | 2438 ||| READING scroll labelled SUPLUJ KUMNICO.
  2439 | D:3      | 2439 ||| READING scroll labelled QULUGG QUQIMI.
  2440 | D:3      | 2440 ||| DRINKING 3 orange potions.
  2489 | D:4      | 2489 ||| INVOKING Fiery Armour.
  2489 | D:4      | HP: 8/32 [hobgoblin (4)]
  2490 | D:4      | 2490 ||| READING scroll of teleportation.
  2495 | D:4      | HP: 5/32 [frozen (5)]
  2694 | D:4      | 2694 ||| Stepping ~*~*~tactically~*~*~ (hiding).
  2696 | D:4      | 2696 ||| Stepping ~*~*~tactically~*~*~ (hiding).
  2697 | D:4      | 2697 ||| Stepping ~*~*~tactically~*~*~ (hiding).
  2698 | D:4      | 2698 ||| Stepping ~*~*~tactically~*~*~ (hiding).
  2737 | D:4      | 2737 ||| Stepping ~*~*~tactically~*~*~ (hiding).
  2742 | D:4      | 2742 ||| INVOKING Fiery Armour.
  2745 | D:4      | Reached XP level 6. HP: 23/38 MP: 7/7
  2746 | D:4      | HP: 4/38 [gnoll bouda/+0 whip (8)]
  2797 | D:4      | 2797 ||| Stepping ~*~*~tactically~*~*~ (stealth).
  2798 | D:4      | 2798 ||| Stepping ~*~*~tactically~*~*~ (stealth).
  3290 | D:4      | 3290 ||| Stepping ~*~*~tactically~*~*~ (stealth).
  3337 | D:4      | 3337 ||| INVOKING Fiery Armour.
  3338 | D:4      | Noticed Robin
  3343 | D:4      | Reached skill level 6 in Axes
  3349 | D:4      | Killed Robin
  3752 | D:4      | 3752 ||| UPGRADING to +0 helmet.
  3762 | D:4      | 3762 ||| DROPPING +1 hat.
  3763 | D:4      | 3763 ||| UPGRADING to +2 cloak.
  3768 | D:4      | 3768 ||| READING scroll labelled JEC YCOYPIU.
  3769 | D:4      | 3769 ||| READING scroll labelled DIGINAEJEL.
  3770 | D:4      | 3770 ||| READING 2 scrolls of identify.
  3770 | D:4      | 3770 ||| IDENTIFYING black potion
  3801 | D:5      | Entered Level 5 of the Dungeon
  3863 | D:5      | Found Mohuos's Jewellery Emporium.
  3875 | D:5      | 3875 ||| SHOPLISTING +4 ring of protection (432 gold, have
                  | 258).
  3875 | D:5      | 3875 ||| SHOPLISTING amulet of guardian spirit (360 gold,
                  | have 258).
  3875 | D:5      | 3875 ||| SHOPLISTING ring of ice (300 gold, have 258).
  3875 | D:5      | 3875 ||| BUYING ring of positive energy (240 gold).
  3875 | D:5      | Bought a ring of positive energy for 240 gold pieces
  3875 | D:5      | 3875 ||| SHOPLISTING ring of willpower (300 gold, have 18).
  3881 | D:5      | Noticed Pikel
  3885 | D:5      | 3885 ||| INVOKING Fiery Armour.
  3896 | D:5      | Killed Pikel
  3897 | D:5      | Reached skill level 6 in Armour
  3897 | D:5      | Reached XP level 7. HP: 21/43 MP: 8/8
  3897 | D:5      | Reached XP level 8. HP: 24/48 MP: 9/9
  4005 | D:5      | 4005 ||| READING scroll of brand weapon.
  4005 | D:5      | 4005 ||| BRANDING +1 war axe of chaos.
  4013 | D:5      | 4013 ||| Stepping ~*~*~tactically~*~*~ (stealth).
  4458 | D:5      | 4458 ||| UPGRADING to ring of positive energy.
  4459 | D:5      | 4459 ||| READING scroll labelled ORERIH UGIWK.
  4560 | D:5      | 4560 ||| DRINKING 3 green potions.
  4560 | D:5      | Gained mutation: Your magical capacity is low. (-10% MP)
                  | [potion of mutation]
  4560 | D:5      | Gained mutation: You have a pair of small horns on your
                  | head. [potion of mutation]
  4561 | D:5      | 4561 ||| DROPPING +0 helmet.
  4562 | D:5      | 4562 ||| DRINKING 2 clear potions.
  4563 | D:5      | 4563 ||| DROPPING potion of attraction.
  4574 | D:6      | 4574 ||| PLANNING SEWER
  4629 | D:6      | Found a runed translucent gate.
  4629 | D:6      | Identified the +3 plate armour of Refuge {rElec rF- rCorr
                  | Str+2}
  4630 | D:6      | Found a runed translucent gate.
  4630 | D:6      | Found a runed translucent gate.
  4630 | D:6      | Noticed qw's ghost (novice GrCA)
  4661 | D:6      | Noticed Blork the orc
  4661 | D:6      | Noticed Eustachio
  4662 | D:6      | 4662 ||| Stepping ~*~*~tactically~*~*~ (hiding).
  4663 | D:6      | 4663 ||| INVOKING Fiery Armour.
  4665 | D:6      | Noticed Maggie
  4670 | D:6      | Killed Eustachio
  4671 | D:6      | Reached skill level 7 in Axes
  4692 | D:6      | HP: 7/49 [Maggie/+0 broad axe of draining (7)]
  4695 | D:6      | Slain by Maggie

Levels and vault maps discovered:
D:1:      noname_arrival_rooms_in_the_neighbourhood, layout_basic
D:2:      layout_loops_ring, ebering_ecumenical_altar_mist, basic_altar,
          uniq_crazy_yiuf_cottage
D:3:      layout_rooms
D:4:      kennysheep_goblin_castle, layout_layer_cave, grunt_ministairs_7,
          minivault_19
D:5:      layout_basic, serial_shops, nicolae_diamond_shop, uniq_pikel
D:6:      layout_loops_corners, temple_doors_cd, biasface_ghost_orc_armoury,
          gup_sewer_entry_pipe, minivault_11, minmay_misc_feat_four_crosses,
          sword_in_stone, uniq_maggie

Skill      XL: |  1  2  3  4  5  6  7  8 |
---------------+-------------------------+-----
Axes           | 3 4 5 6 7 |  7.8
Armour         | 1 2 6 |  6.3
Fighting       | 4 5 |  5.2
Spellcasting   | |  1.0
Fire Magic     | |  3.0

Action                     |  1- 3 |  4- 6 |  7- 9 || total
---------------------------+-------+-------+-------++-------
  Melee: Hand axe          |    79 |     1 |       ||    80
         Punch             |     1 |       |       ||     1
         War axe           |       |   207 |    41 ||   248
         Headbutt          |       |       |     5 ||     5
 Invoke: Fiery Armour      |     1 |     5 |     1 ||     7
    Use: Scroll            |     1 |    10 |     2 ||    13
         Potion            |       |     1 |     2 ||     3
 Armour: Robe              |    29 |       |       ||    29
         Ring mail         |    13 |    33 |       ||    46
         Chain mail        |       |   137 |    21 ||   158
  Dodge: Dodged            |    41 |   118 |    14 ||   173

Table legend:
 A = Non-vault XP
 B = Vault XP
 C = Vault XP percentage of total XP
 D = Non-vault monster count
 E = Vault monster count
 F = Vault count percentage of total count
                 A         B        C        D         E       F
            +---------+---------+-------+---------+---------+-------
      Total |     899 |    1215 |  57.5 |     114 |      25 |  18.0
            +---------+---------+-------+---------+---------+-------
        D:1 |      30 |       0 |   0.0 |      18 |       0 |   0.0
        D:2 |      90 |       0 |   0.0 |      29 |       0 |   0.0
        D:3 |     120 |       0 |   0.0 |      20 |       0 |   0.0
        D:4 |     281 |      51 |  15.4 |      35 |      20 |  36.4
        D:5 |     250 |     617 |  71.2 |      11 |       1 |   8.3
        D:6 |     128 |     547 |  81.0 |       1 |       4 |  80.0
            +---------+---------+-------+---------+---------+-------
